Map: Year Zero LE

Players

Dabeed

  • Race: Zerg Zerg
  • League: Diamond
  • Spawn Location: 11:00

Ritual - Winner!

  • Race: Terran Terran
  • League: Diamond
  • Spawn Location: 1:00

VOD

Have the link to the VOD?

Description

Time

  • Played on: March 15, 2019, 7:48 p.m.
  • Length: 12:49
Show
View Real Time Build Order
Export as new Build Order

Dabeed Zerg 

Build Orders: Hatch First 

Get SALT Encoding   

  12  0:01  Drone  
  13  0:13  Overlord  
  13  0:19  Drone  
  14  0:32  Drone x2  
  16  0:43  Drone  
  17  0:54  Hatchery  
  16  0:59  Drone  
  16  1:01  Drone  
  18  1:14  Extractor  
  18  1:17  Spawning Pool  
  16  1:20  Drone  
  16  1:23  Drone  
  18  1:29  Drone  
  19  1:45  Overlord  
  19  2:04  Queen  
  19  2:06  Zergling x4, Queen  
  25  2:09  Drone  
  25  2:15  Metabolic Boost  
  26  2:19  Drone x2  
  28  2:25  Overlord  
  28  2:31  Drone  
  28  2:35  Drone  
  30  2:39  Drone  
  30  2:42  Queen  
  33  3:02  Hatchery  
  33  3:05  Drone x2  
  34  3:06  Drone  
  34  3:11  Queen  
  37  3:16  Drone x2  
  37  3:19  Drone  
  40  3:25  Overlord  
  40  3:29  Overlord  
  40  3:31  Drone x2  
  42  3:34  Drone  
  42  3:36  Drone  
  44  3:44  Overlord  
  44  3:55  Drone x5  
  49  3:56  Drone x2  
  51  4:03  Baneling Nest  
  50  4:11  Zergling x6  
  53  4:17  Zergling x2  
  53  4:22  Zergling x6  
  53  4:23  Zergling x2  
  58  4:27  Zergling x4  
  58  4:28  Zergling x2  
  61  4:37  Zergling x8  
  61  4:38  Zergling x4  
  67  4:55  Queen  
  67  4:56  Queen  
  68  5:06  Zergling x8  
  68  5:07  Zergling x14  
  65  5:15  Drone x5  
  65  5:16  Drone  
  71  5:21  Extractor  
  71  5:22  Extractor  
  71  5:24  Baneling x4  
  71  5:25  Baneling x2  
  69  5:31  Lair  
  69  5:32  Queen  
  71  5:37  Spore Crawler  
  70  5:42  Overlord  
  70  5:43  Overlord x3  
  70  5:53  Drone x4  
  68  6:17  Drone  
  68  6:18  Drone x6  
  74  6:19  Drone  
  74  6:22  Extractor  
  74  6:24  Extractor  
  74  6:31  Hydralisk Den  
  73  6:33  Spore Crawler  
  73  6:34  Drone x6  
  73  6:35  Drone x2  
  73  6:37  Queen  
  82  6:48  Zergling x6  
  85  6:57  Queen  
  87  7:03  Hatchery  
  86  7:09  Zergling x12  
  92  7:23  Zergling x14  
  92  7:27  Centrifical Hooks  
  99  7:30  Grooved Spines  
  99  7:34  Evolution Chamber  
  99  7:35  Baneling x6  
  99  7:36  Baneling, Evolution Chamber  
  97  7:39  Zergling x2  
  97  7:40  Zergling x14  
  97  7:43  Overlord  
  105  7:45  Overlord x3  
  105  7:46  Overlord x2  
  86  8:00  Baneling x6  
  86  8:01  Baneling, Zergling x4  
  86  8:02  Zergling x4  
  87  8:24  Zergling x20  
  87  8:25  Zergling x8  
  87  8:47  Zergling x16  
  87  8:48  Zergling x10  
  100  8:51  Baneling x20  
  100  9:05  Hydralisk  
  100  9:06  Hydralisk x4  
  82  9:17  Zergling x2  
  82  9:18  Zergling x12  
  84  9:30  Hydralisk x5  
  84  9:31  Hydralisk  
  89  9:47  Zergling x12  
  95  10:01  Zergling x10  
  95  10:02  Zergling x6  
  96  10:18  Hydralisk  
  96  10:19  Hydralisk x4  
  101  10:29  Queen  
  101  10:31  Hydralisk x10  
  123  10:48  Hydralisk x5  
  123  10:49  Hydralisk  
  127  10:56  Hydralisk  
  111  10:57  Hydralisk  
  95  11:15  Zergling x2  
  95  11:16  Zergling x16  
  98  11:31  Hydralisk  
  98  11:32  Hydralisk x5  
  110  11:40  Queen  
  105  11:48  Hydralisk  
  105  11:49  Hydralisk x5  
  117  12:06  Zergling x2  
  117  12:07  Zergling x18  
  117  12:08  Zergling x2  
  124  12:12  Baneling x5  
  124  12:13  Baneling  
Show
View Real Time Build Order
Export as new Build Order

Ritual Terran - Winner!

Build Orders: Liberator Opening 

Get SALT Encoding   

  12  0:01  SCV  
  13  0:13  SCV  
  14  0:18  Supply Depot  
  14  0:25  SCV  
  15  0:39  SCV  
  15  0:41  Barracks  
  16  0:46  Refinery  
  16  0:52  SCV  
  17  1:04  SCV  
  18  1:16  SCV  
  19  1:28  Orbital Command  
  19  1:29  Barracks Reactor  
  19  1:46  Command Center  
  19  1:55  SCV  
  20  2:06  Factory  
  20  2:07  Marine x2  
  22  2:12  SCV  
  23  2:19  Supply Depot  
  23  2:33  Refinery  
  23  2:41  Marine x2, SCV  
  26  2:53  Starport  
  26  2:54  SCV  
  26  2:57  Orbital Command  
  27  3:06  SCV  
  27  3:10  Hellion x2  
  32  3:21  Armory  
  32  3:25  SCV  
  33  3:30  Medivac  
  33  3:34  Hellion  
  37  3:40  Hellion, SCV  
  40  3:46  Supply Depot  
  40  3:47  SCV  
  41  3:52  SCV  
  42  3:55  Liberator  
  42  3:59  SCV  
  42  4:00  Marine, Hellion  
  46  4:08  SCV  
  47  4:11  SCV  
  51  4:19  Supply Depot  
  51  4:20  SCV, Supply Depot  
  53  4:24  Barracks Tech Lab  
  53  4:26  SCV  
  53  4:33  SCV  
  54  4:40  Hellion, SCV  
  54  4:45  SCV  
  58  5:05  Marine  
  48  5:08  Stimpack  
  48  5:09  Starport Reactor  
  48  5:10  SCV  
  48  5:13  Barracks  
  44  5:17  Barracks x2, Engineering Bay, SCV  
  44  5:18  Engineering Bay  
  44  5:19  Refinery, Barracks  
  44  5:21  Refinery  
  45  5:23  SCV  
  46  5:28  Supply Depot  
  46  5:31  SCV  
  46  5:32  Supply Depot  
  47  5:36  Terran Vehicle And Ship Armor Level 1, SCV  
  48  5:44  SCV  
  48  5:45  Terran Infantry Weapons Level 1, Terran Infantry Armor Level 1  
  48  5:47  Factory Reactor  
  48  5:49  SCV  
  50  5:56  SCV  
  51  6:01  Marine, SCV  
  51  6:03  Starport Reactor  
  53  6:08  SCV  
  54  6:12  Marine  
  54  6:13  Marine x2, Barracks Tech Lab  
  54  6:14  Barracks Reactor  
  57  6:20  Marine x2, SCV  
  57  6:21  SCV, Barracks Reactor  
  57  6:22  Barracks Tech Lab  
  61  6:26  Widow Mine x2  
  61  6:30  Marine x2  
  61  6:31  Marine  
  68  6:37  SCV  
  68  6:38  Marine x2  
  71  6:44  Marine  
  71  6:45  Medivac  
  71  6:46  Medivac  
  76  6:48  Marine x3  
  76  6:51  Supply Depot  
  76  6:53  Supply Depot  
  79  6:54  Command Center  
  79  6:55  Marine  
  79  6:56  Supply Depot, Marauder  
  82  7:04  Concussive Shells  
  82  7:08  Combat Shield  
  82  7:09  Marine x3  
  82  7:10  Marine  
  82  7:12  Marine  
  82  7:13  Widow Mine, SCV, Marauder  
  82  7:14  SCV  
  90  7:24  Marine x2  
  90  7:26  SCV  
  90  7:27  Marine  
  90  7:29  Marine x2  
  94  7:32  Medivac x2, Widow Mine  
  94  7:34  Marauder  
  94  7:35  Supply Depot  
  104  7:40  Missile Turret  
  104  7:42  Missile Turret  
  104  7:58  Marine x7  
  96  7:59  Marauder  
  96  8:01  Widow Mine  
  96  8:02  SCV  
  106  8:06  SCV  
  107  8:17  Marine x5, Marauder  
  107  8:18  Widow Mine  
  116  8:21  Marauder  
  116  8:23  Marine  
  113  8:35  Marine x4  
  113  8:36  Marine  
  113  8:37  Widow Mine  
  113  8:38  Marauder  
  120  8:41  Marine x2  
  120  8:42  SCV, Widow Mine  
  120  8:46  Orbital Command  
  123  8:52  Medivac x2  
  123  8:53  Marine x3  
  130  8:57  Factory  
  130  9:00  Marauder  
  132  9:11  Widow Mine  
  109  9:19  Marine x4  
  109  9:20  Marine x3  
  109  9:21  Widow Mine, Marauder  
  109  9:22  SCV, Medivac  
  118  9:34  Widow Mine  
  118  9:35  Command Center  
  118  9:36  Liberator x2  
  118  9:37  Marine x2  
  124  9:38  Marauder  
  124  9:42  Marauder  
  120  9:50  Widow Mine  
  120  9:51  Factory Tech Lab  
  121  9:54  SCV  
  121  9:56  Refinery  
  121  9:57  Refinery  
  128  10:00  Bunker  
  128  10:02  Supply Depot  
  128  10:03  Marine, Marauder  
  128  10:04  Supply Depot x2  
  128  10:05  Marine x2  
  133  10:11  Marine x2  
  133  10:14  Marauder  
  132  10:16  Siege Tank  
  131  10:22  Marine x2  
  131  10:24  SCV  
  131  10:25  Marauder  
  131  10:26  Factory Tech Lab  
  136  10:33  Marine x3  
  136  10:35  Marauder  
  138  10:50  Marine x4  
  138  10:51  Siege Tank x2, Marine, Medivac  
  138  10:52  SCV, Medivac  
  138  10:55  Planetary Fortress  
  138  10:57  Marauder  
  141  10:58  Missile Turret  
  136  11:07  Liberator x2  
  136  11:08  Marine  
  136  11:09  Marine x4  
  136  11:10  Marine  
  129  11:11  Marauder  
  129  11:17  Marine  
  118  11:24  Widow Mine  
  122  11:26  Marine x2  
  122  11:29  SCV  
  126  11:32  SCV  
  126  11:33  SCV  
  126  11:35  SCV  
  127  11:44  Marine x3  
  127  11:45  Marauder  
  127  11:46  Siege Tank  
  135  11:49  SCV  
  135  11:50  SCV  
  137  11:56  Starport  
  137  11:58  Fusion Core  
  137  11:59  Marine x2  
  139  12:06  Marine x2  
  139  12:07  Marine x2, Marauder  
  139  12:08  Siege Tank, Marine, Medivac  
  142  12:09  SCV  
  142  12:15  SCV  
  149  12:16  Refinery  
  149  12:17  Refinery  
  149  12:26  Marine x4, Marauder  
  149  12:28  Marauder  
  145  12:44  Starport Tech Lab  
Tags
 
Add a new tag
Caveats
  • Supply blocks, unpowered buildings, or Contaminate may cause inaccurate times.
  • Supply counts are checked every 10 seconds.